 Dungeon Crawl Stone Soup version 0.22-a0-407-gb098539 (webtiles) character file.

37758 dstrtnsr the Severer (level 13, 0/130 HPs)
             Began as a Hill Orc Berserker on May 9, 2018.
             Was an Elder of Trog.
             Slain by a spiny frog (5 damage)
             ... on level 1 of the Swamp.
             The game lasted 00:18:26 (22759 turns).

dstrtnsr the Severer (Hill Orc Berserker)          Turns: 22759, Time: 00:18:27

Health: 0/130      AC: 13    Str: 25    XL:     13   Next: 98%
Magic:  13/13      EV:  9    Int:  7    God:    Trog [****..]
Gold:   1020       SH:  0    Dex: 10    Spells: 12/12 levels left

rFire    . . .     SeeInvis .   a - +3 battleaxe (vamp)
rCold    . . .     Gourm    .   (shield currently unavailable)
rNeg     . . .     Faith    .   g - +1 chain mail
rPois    .         Spirit   .   (no helmet)
rElec    .         Reflect  .   (no cloak)
rCorr    .         Harm     .   (no gloves)
MR       .....                  (no boots)
Stlth    ..........             (no amulet)
HPRegen  0.31/turn              q - ring of flight
MPRegen  0.13/turn              (no ring)

@: lethally poisoned (0 -> -21)
A: no striking features
a: Berserk, Trog's Hand, Brothers in Arms, Renounce Religion, Evoke Flight


You were on level 1 of the Swamp.
You worshipped Trog.
Trog was greatly pleased with you.
You were not hungry.

You visited 4 branches of the dungeon, and saw 20 of its levels.

You collected 1020 gold pieces.

Inventory:

Hand Weapons
 a - a +3 vampiric battleaxe (weapon)
 l - a -3 executioner's axe
 v - a +0 hand axe of flaming
 y - a +0 broad axe
Missiles
 r - a throwing net (quivered)
Armour
 g - a +1 chain mail (worn)
 B - a +0 shield
Jewellery
 q - a ring of flight (left hand)
 w - an uncursed ring of fire
Wands
 E - a wand of enslavement (11)
 F - a wand of scattershot (5)
 I - a wand of iceblast (6)
 M - a wand of polymorph (17)
Scrolls
 c - 3 scrolls of magic mapping
 d - 4 scrolls of blinking
 f - 7 scrolls of teleportation {!d}
 h - 5 scrolls of remove curse {@r2}
 j - 3 scrolls of enchant weapon
 k - 5 scrolls of fog
 p - 2 scrolls of vulnerability
 N - 2 scrolls of immolation
Potions
 b - 2 potions of mutation
 i - 2 potions of degeneration
 m - 2 potions of might
 n - a potion of agility
 s - 3 potions of curing {@q1}
 t - a potion of lignification
 x - a potion of cancellation
 z - a potion of brilliance
 A - 6 potions of heal wounds
 D - a potion of ambrosia
 J - 2 potions of berserk rage
Miscellaneous
 o - a lightning rod (4/4)
 u - a box of beasts
Comestibles
 e - 10 rations {!d}


   Skills:
 + Level 16.3 Fighting
 * Level 18.4 Axes
 + Level 12.7 Armour
 - Level 1.5 Dodging


You had 12 spell levels left.
You didn't know any spells.

Dungeon Overview and Level Annotations

Branches:
Dungeon (12/15)            Temple (0/1) D:6            Lair (6/6) D:11
  Swamp (1/4) Lair:4        Snake (1/4) Lair:2        Slime (0/5) Lair:6
    Orc: D:9-12

Altars:
Cheibriados
Gozag
Trog

Shops:
D:11 :


Message History

The spiny frog poisons you!
You slice the spiny frog!!
You kill the spiny frog!
Trog accepts your kill.
You miss the tyrant leech.
You feel sick. The tyrant leech bites you!
The tyrant leech draws strength from your injuries!
You cut the tyrant leech into ribbons!!!
The tyrant leech is almost dead.
You carve the tyrant leech like a ham!!!
You kill the tyrant leech!
Trog accepts your kill.
You feel sick.
No target in view!
No target in view!
No target in view!
You feel a strong urge to attack something.
You feel sick.
You feel sick.
You feel your anger nearly subside.
You are no longer berserk.
You are exhausted.
You feel yourself slow down.
Found a potion of lignification.
You start resting.
You feel sick. x10
You are no longer poisoned.
Found 23 gold pieces.
You start resting.
You feel yourself speed up.
A spiny frog comes into view.
The spiny frog gives a loud, deep croak!
You hear a loud, deep croak!
You hear a roar!
A spiny frog is nearby!
A spiny frog is nearby!
You enter the shallow water.
Moving in this stuff is going to be slow.
An alligator comes into view.
You hit the spiny frog.
You feel better.
The spiny frog is lightly wounded.
The spiny frog stings you!
You are poisoned.
The spiny frog poisons you!
Your unstable footing causes you to fumble your attack.
You feel sick. The spiny frog stings you!
A spiny frog comes into view.
You chop the spiny frog into pieces!!!
You feel better.
You kill the spiny frog!
Trog accepts your kill.
You feel sick.
An alligator comes into view.
You feel sick.
The alligator puts on a burst of speed! x2
A bog body comes into view.
Your unstable footing causes you to fumble your attack.
You feel sick.
The alligator bites you but does no damage.
The alligator tail-slaps you but does no damage.
You feel sick. The spiny frog barely misses you.
The alligator closely misses you.
The alligator tail-slaps you but does no damage.
The spiny frog stings you but does no damage.
The alligator closely misses you. The alligator tail-slaps you.
The alligator bites you!! The alligator barely misses you.
You hit the alligator.
You feel better.
The alligator is lightly wounded.
You hit the spiny frog.
You feel better.
Your chain mail prevents you from hitting the alligator.
The spiny frog stings you but does no damage.
The alligator bites you but does no damage.
The alligator tail-slaps you!
A vampire mosquito comes into view.
The vampire mosquito buzzes angrily.
The alligator bites you. The alligator barely misses you.
You feel sick.
A vampire mosquito comes into view.
You slice the spiny frog!!
The spiny frog is severely wounded.
You hit the alligator.
You feel sick. The spiny frog stings you!
You are more poisoned.
The spiny frog poisons you! The alligator bites you!!
* * * LOW HITPOINT WARNING * * *
The alligator tail-slaps you.
* * * LOW HITPOINT WARNING * * *
The alligator bites you.
* * * LOW HITPOINT WARNING * * *
The alligator tail-slaps you but does no damage.
You are too injured to fight recklessly!
You are too injured to fight recklessly!
You are too injured to fight recklessly!
Unknown command.
Your ogre goes berserk!
You feel quite a bit more hungry. Trog will no longer gift you weapons.
You recover from your berserk rage.
You feel sick. The spiny frog closely misses you. The alligator bites you!
* * * LOW HITPOINT WARNING * * *
The alligator tail-slaps you.
* * * LOW HITPOINT WARNING * * *
The alligator bites you!
* * * LOW HITPOINT WARNING * * *
The alligator tail-slaps you but does no damage.
The spiny frog stings you.
You die...

...≈≈≈≈≈†≈♣≈♣♣
..≈≈≈≈≈≈.≈≈.≈♣
..≈≈≈≈≈≈.≈≈≈≈♣
.≈≈≈≈≈≈...≈≈≈♣♣
.≈≈≈≈≈≈<..≈≈≈.♣
.≈≈≈≈≈......≈.♣
.≈≈≈≈≈≈...O...♣♣
♣.≈≈≈≈...≈≈....♣
♣..^≈.≈≈.≈t@.≈§♣♣
♣....≈≈..≈tF≈...♣♣
♣♣≈..≈≈...≈y≈≈≈..♣
♣♣♣..♣.§§y≈≈≈≈≈.≈.♣
♣♣≈≈.♣≈≈n!≈≈≈.≈≈≈
♣$..≈≈≈≈.≈..≈♣≈≈
♣.≈.≈≈≈≈...≈≈≈..
♣.≈.≈≈≈≈≈≈≈≈≈≈..
♣.≈.≈≈≈≈.≈≈≈≈..♣


You could see 2 alligators, a bog body, a spiny frog, 2 vampire mosquitoes and a
friendly ogre (berserk).

Vanquished Creatures
  2 hydras
  A merfolk avatar (Lair:6)
  A two-headed ogre (D:11)
  A sea snake (Lair:6)
  An unseen horror (D:11)
  2 harpies (Lair:6)
  An ugly thing (D:9)
  5 elephants
  5 black mambas
  15 spiny frogs
  A gargoyle (D:10)
  6 komodo dragons
  A kobold demonologist (D:8)
  3 rime drakes
  A troll (D:9)
  3 polar bears
  A tyrant leech (Swamp:1)
  2 wind drakes (Lair:6)
  6 blink frogs
  3 hornets
  9 hippogriffs
  38 yaks
  3 wyverns
  A basilisk (Lair:3)
  3 vampire mosquitoes (Swamp:1)
  The ghost of Soeti the Charmwright, an amateur OpSk (D:4)
  4 nagas (Lair:2)
  A swamp worm (Swamp:1)
  9 water moccasins
  4 orc warriors
  12 porcupines
  2 sky beasts
  A black bear (D:9)
  An eye of draining (D:8)
  A necrophage (D:9)
  2 ice beasts (D:6)
  6 wolves
  3 ogres
  7 centaurs
  7 crocodiles
  9 big kobolds
  17 bullfrogs
  A wyvern skeleton (D:7)
  9 killer bees
  3 scorpions (D:10)
  8 wights
  A howler monkey (D:11)
  5 crimson imps
  4 jellies
  A centaur zombie (D:6)
  2 bullfrog skeletons
  4 orc priests
  4 hounds
  10 orc wizards
  A centaur skeleton (D:8)
  2 iguanas
  6 worker ants
  3 hound skeletons
  9 adders
  7 gnolls (D:4)
  3 shadow imps
  3 adder skeletons
  An adder zombie (D:9)
  A worm (D:2)
  A dart slug (D:2)
  5 leopard geckos
  32 orcs
  2 ball pythons
  2 giant cockroaches
  5 goblins
  4 hobgoblins
  11 jackals
  2 quokkas
  7 bats
  3 frilled lizards
  16 kobolds
  2 rats (D:1)
  3 fungi
  2 plants (Lair:6)
387 creatures vanquished.

Vanquished Creatures (collateral kills)
  A hydra (Lair:6)
  A sea snake (Lair:6)
  A manticore (Lair:6)
  A black mamba (Lair:6)
  A spiny frog (Lair:6)
  A komodo dragon (Lair:6)
  A polar bear (Lair:6)
  A yak (D:10)
  A crocodile (Lair:6)
  A scorpion (D:10)
  A fungus (Lair:6)
11 creatures vanquished.

Vanquished Creatures (others)
  26 fungi
  7 plants
33 creatures vanquished.

Grand Total: 431 creatures vanquished

Notes
Turn   | Place    | Note
-------+----------+-------------------------------------------
     0 | D:1      | dstrtnsr the Hill Orc Berserker began the quest for the Orb.
     0 | D:1      | Reached XP level 1. HP: 19/19 MP: 1/1
    85 | D:1      | Reached XP level 2. HP: 17/27 MP: 2/2
   464 | D:2      | Reached skill level 5 in Axes
   464 | D:2      | Reached XP level 3. HP: 33/33 MP: 3/3
   540 | D:2      | HP: 12/33 [worm (12)]
   930 | D:3      | Reached XP level 4. HP: 30/41 MP: 4/4
  1432 | D:3      | Reached skill level 6 in Axes
  1558 | D:3      | Found an opulent altar of Gozag.
  1897 | D:4      | Reached ** piety under Trog
  2003 | D:4      | Reached XP level 5. HP: 47/47 MP: 5/5
  2006 | D:4      | Noticed Soeti's ghost (amateur OpSk)
  2019 | D:4      | Killed Soeti's ghost
  2019 | D:4      | Reached skill level 5 in Fighting
  2019 | D:4      | Reached skill level 7 in Axes
  2019 | D:4      | Reached XP level 6. HP: 56/56 MP: 6/6
  2432 | D:4      | Reached skill level 8 in Axes
  2461 | D:4      | Found a bloodstained altar of Trog.
  2578 | D:4      | Reached XP level 7. HP: 63/63 MP: 7/7
  2773 | D:4      | Reached skill level 9 in Axes
  3032 | D:5      | Entered Level 5 of the Dungeon
  3462 | D:6      | Found a staircase to the Ecumenical Temple.
  3541 | D:6      | Reached skill level 10 in Axes
  3593 | D:6      | Reached XP level 8. HP: 69/73 MP: 8/8
  3920 | D:7      | Reached skill level 11 in Axes
  4471 | D:7      | Found a snail-covered altar of Cheibriados.
  4762 | D:8      | Noticed a hippogriff
  4773 | D:8      | Killed a hippogriff
  4773 | D:8      | Reached skill level 12 in Axes
  4779 | D:8      | Noticed a kobold demonologist
  4785 | D:8      | Noticed an orange demon
  4793 | D:8      | HP: 26/75 [orange demon[a kobold demonologist] (6)]
  4794 | D:8      | Killed a kobold demonologist
  4794 | D:8      | Reached XP level 9. HP: 29/82 MP: 9/9
  4799 | D:8      | HP: 30/82 [poisoned by a big kobold]
  4804 | D:8      | HP: 22/82 [poisoned by a big kobold]
  4809 | D:8      | HP: 17/82 [poisoned by a big kobold]
  4814 | D:8      | HP: 13/82 [poisoned by a big kobold]
  4819 | D:8      | HP: 10/82 [poisoned by a big kobold]
  4824 | D:8      | HP: 9/83 [poisoned by a big kobold]
  4829 | D:8      | HP: 9/83 [poisoned by a big kobold]
  4836 | D:8      | HP: 6/83 [poisoned by a big kobold]
  4842 | D:8      | HP: 4/83 [poisoned by a big kobold]
  4849 | D:8      | HP: 3/83 [poisoned by a big kobold]
  4854 | D:8      | HP: 3/83 [poisoned by a big kobold]
  4863 | D:8      | HP: 2/83 [poisoned by a big kobold]
  4871 | D:8      | HP: 2/83 [poisoned by a big kobold]
  5316 | D:8      | Reached *** piety under Trog
  5347 | D:8      | Reached skill level 13 in Axes
  6351 | D:9      | Reached skill level 14 in Axes
  6490 | D:9      | Reached skill level 10 in Fighting
  6726 | D:9      | Reached XP level 10. HP: 93/93 MP: 10/10
  6732 | D:9      | Noticed a white ugly thing
  6741 | D:9      | Killed a white ugly thing
  6960 | D:9      | HP: 37/94 [troll (11)]
  7505 | D:9      | Reached skill level 15 in Axes
  7508 | D:9      | Reached **** piety under Trog
  8053 | D:10     | Entered Level 10 of the Dungeon
  8073 | D:10     | Received a gift from Trog
  8507 | D:10     | HP: 34/95 [yak (9)]
  8806 | D:10     | Noticed a gargoyle
  8819 | D:10     | Reached skill level 16 in Axes
  8837 | D:10     | Killed a gargoyle
  8837 | D:10     | Reached XP level 11. HP: 101/102 MP: 11/11
  8860 | D:10     | HP: 38/102 [crocodile (8)]
  8863 | D:10     | Reached skill level 5 in Armour
  9227 | D:10     | Paralysed by a hornet for 1 turns
  9260 | D:10     | HP: 37/102 [killer bee (4)]
  9265 | D:10     | HP: 19/102 [poisoned by a killer bee]
  9270 | D:10     | HP: 11/102 [poisoned by a killer bee]
  9275 | D:10     | HP: 6/102 [poisoned by a killer bee]
  9281 | D:10     | HP: 5/102 [poisoned by a killer bee]
  9287 | D:10     | HP: 5/102 [poisoned by a killer bee]
  9295 | D:10     | HP: 5/102 [poisoned by a killer bee]
 10676 | D:11     | Noticed a two-headed ogre
 10682 | D:11     | Killed a two-headed ogre
 10898 | D:11     | Found a staircase to the Lair.
 10961 | D:11     | Killed an unseen horror
 11229 | D:11     | Found a snail-covered altar of Cheibriados.
 11251 | D:11     | Reached skill level 17 in Axes
 11410 | D:11     | Found Gepp's Book Shop.
 11506 | D:12     | HP: 41/104 [orc warrior/dire flail (13)]
 12033 | D:12     | Noticed a two-headed ogre
 12082 | Lair:1   | Entered Level 1 of the Lair of Beasts
 12146 | Lair:1   | Reached ***** piety under Trog
 12246 | Lair:1   | HP: 54/157 [yak (10)]
 13057 | Lair:1   | Reached XP level 12. HP: 62/113 MP: 12/12
 13341 | Lair:1   | Noticed a seven-headed hydra
 13350 | Lair:1   | Killed a one-headed hydra
 13350 | Lair:1   | Reached skill level 18 in Axes
 13752 | Lair:2   | Found a frozen archway.
 13752 | Lair:2   | Noticed a six-headed hydra
 13758 | Lair:2   | Killed a two-headed hydra
 14149 | Lair:2   | Found a staircase to the Snake Pit.
 14181 | Lair:2   | HP: 46/115 [poisoned by a spiny frog]
 14186 | Lair:2   | HP: 44/115 [poisoned by a spiny frog]
 14194 | Lair:2   | HP: 44/115 [poisoned by a spiny frog]
 14202 | Lair:2   | HP: 45/115 [poisoned by a spiny frog]
 15353 | Lair:2   | HP: 38/116 [spiny frog (20)]
 15359 | Lair:2   | HP: 54/174 [poisoned by a spiny frog]
 15364 | Lair:2   | HP: 35/116 [poisoned by a spiny frog]
 15370 | Lair:2   | HP: 33/116 [poisoned by a spiny frog]
 15377 | Lair:2   | HP: 33/116 [poisoned by a spiny frog]
 16327 | Lair:3   | Reached skill level 10 in Armour
 16636 | Lair:3   | HP: 34/118 [komodo dragon (21)]
 16644 | Lair:3   | HP: 34/118 [poisoned by a spiny frog]
 16649 | Lair:3   | HP: 34/118 [poisoned by a spiny frog]
 17031 | Lair:3   | Reached XP level 13. HP: 125/125 MP: 13/13
 18132 | Lair:4   | Found a staircase to the Swamp.
 18391 | Lair:5   | HP: 43/125 [black mamba (11)]
 18396 | Lair:5   | HP: 53/187 [poisoned by a black mamba]
 18399 | Lair:4   | HP: 26/125 [poisoned by a black mamba]
 18404 | Lair:4   | HP: 14/125 [poisoned by a black mamba]
 18409 | Lair:4   | HP: 8/125 [poisoned by a black mamba]
 18414 | Lair:4   | HP: 5/125 [poisoned by a black mamba]
 18420 | Lair:4   | HP: 5/125 [poisoned by a black mamba]
 18428 | Lair:4   | HP: 5/125 [poisoned by a black mamba]
 18842 | Lair:5   | Received a gift from Trog
 18971 | Lair:5   | Reached skill level 15 in Fighting
 20274 | Lair:6   | Entered Level 6 of the Lair of Beasts
 20306 | Lair:6   | HP: 43/127 [black mamba (8)]
 21015 | Lair:6   | HP: 42/128 [komodo dragon (10)]
 21024 | Lair:6   | HP: 38/128 [polar bear (12)]
 21044 | Lair:6   | HP: 49/128 [spiny frog (16)]
 21049 | Lair:6   | HP: 48/128 [poisoned by a spiny frog]
 21054 | Lair:6   | HP: 45/128 [poisoned by a spiny frog]
 21060 | Lair:6   | HP: 43/128 [poisoned by a spiny frog]
 21065 | Lair:6   | HP: 43/128 [poisoned by a spiny frog]
 21072 | Lair:6   | HP: 43/128 [poisoned by a spiny frog]
 21080 | Lair:6   | HP: 44/128 [poisoned by a spiny frog]
 21239 | Lair:6   | HP: 48/128 [harpy (13)]
 21246 | Lair:6   | HP: 51/192 [harpy (3)]
 21252 | Lair:6   | HP: 39/192 [water moccasin (3)]
 21258 | Lair:6   | HP: 23/128 [poisoned by a water moccasin]
 21263 | Lair:6   | HP: 21/128 [poisoned by a water moccasin]
 21269 | Lair:6   | HP: 21/128 [poisoned by a water moccasin]
 21274 | Lair:6   | HP: 21/128 [poisoned by a water moccasin]
 21714 | Lair:6   | Identified a scroll of acquirement
 21743 | Lair:6   | HP: 51/128 [poisoned by a black mamba]
 21748 | Lair:6   | HP: 43/128 [poisoned by a black mamba]
 21753 | Lair:6   | HP: 41/128 [poisoned by a black mamba]
 21758 | Lair:6   | HP: 39/128 [poisoned by a black mamba]
 21763 | Lair:6   | HP: 39/128 [poisoned by a black mamba]
 21769 | Lair:6   | HP: 40/128 [poisoned by a black mamba]
 22104 | Lair:6   | Found a staircase to the Slime Pits.
 22628 | Snake:1  | Entered Level 1 of the Snake Pit
 22698 | Swamp:1  | Entered Level 1 of the Swamp
 22758 | Swamp:1  | HP: 35/130 [alligator[an alligator] (23)]
 22759 | Swamp:1  | HP: 13/130 [alligator[an alligator] (16)]
 22759 | Swamp:1  | HP: 5/130 [alligator (7)]
 22759 | Swamp:1  | Slain by a spiny frog

Vault maps used:
D:1:      mrwooster_arrival_arrow, kennysheep_pointless_box
D:2:      serial_glass, glass_columns_c, glass_columns_a, grunt_ministairs_12,
          kennysheep_generic_room_3
D:3:      grunt_gozag_breadcrumbs
D:4:      bloody_trog, first_ration, minmay_surrounded
D:5:      elyvilon_altar_5, serial_shops, shop, hex_intersection
D:6:      lemuel_temple_firewalk_b
D:7:      basic_altar, grunt_ogre_cave
D:8:      gammafunk_temple_overflow_elements, special_room,
          hangedman_decor_points, uniq_psyche
D:10:     old_forge, st_stairs_4, grunt_decor_resistance
D:11:     lair_entry_dummy, serial_shops, nicolae_shop_stone, basic_altar
D:12:     hiddenorc1_lemuel, serial_shops, nicolae_shop_overgrown_old_shop,
          basic_altar, uniq_snorg, uniq_urug
Lair:1:   nicolae_volcano_entry_s_turn
Lair:2:   minmay_snake_entry_guardpost_small, portal_ice_cave_entry_pillars_1,
          nicolae_lair_grove_arrangements, minivault_27, st_stairs_12
Lair:4:   swamp_mist
Lair:5:   serial_bayou_pond_b
Lair:6:   gammafunk_lair_ancient_temple, dpeg_slime_entry_corner
Swamp:1:  infiniplex_staircase_pool, uniq_josephine, uniq_louise

Skill      XL: |  1  2  3  4  5  6  7  8  9 10 11 12 13 |
---------------+----------------------------------------+-----
Fighting       | 4 5 6 7 8 10 11 12 14 16 | 16.3
Axes           | 5 6 7 8 10 12 14 16 17 18 | 18.4
Armour         | 4 7 10 12 | 12.7
Dodging        | |  1.5

Action                   |  1- 3 |  4- 6 |  7- 9 | 10-12 | 13-15 || total
-------------------------+-------+-------+-------+-------+-------++-------
Melee: Hand axe          |    45 |   148 |   441 |   658 |   314 ||  1606
       Executioner's axe |       |       |       |   123 |       ||   123
       Battleaxe         |       |       |       |       |    47 ||    47
       Broad axe         |       |       |       |       |    26 ||    26
Invok: Berserk           |     4 |     5 |    11 |    28 |     8 ||    56
       Trog's Hand       |       |     1 |     2 |     2 |     1 ||     6
       Brothers in Arms  |       |       |       |     1 |     3 ||     4
  Use: Scroll            |       |     3 |    12 |     9 |     8 ||    32
       Potion            |       |       |     5 |       |     1 ||     6
 Stab: Invisible         |       |       |    15 |       |       ||    15
       Held in net/web   |       |       |       |     2 |       ||     2
  Eat: Chunk             |     2 |     4 |    15 |    29 |    13 ||    63
       Ration            |       |     2 |     3 |     9 |     6 ||    20
Armor: Animal skin       |    14 |     4 |       |       |       ||    18
       Scale mail        |       |    47 |    58 |       |       ||   105
       Chain mail        |       |       |    97 |   262 |   190 ||   549
Dodge: Dodged            |    46 |    62 |   166 |   293 |   153 ||   720

Table legend:
 A = Spawn XP
 B = Non-spawn XP
 C = Spawn XP percentage of total XP
 D = Spawn monster count
 E = Non-spawn monster count
 F = Spawn count percentage of total count
 G = Total turns spent on level
                    A         B        C        D         E        F      G
               +---------+---------+-------+---------+---------+-------+---------
         Total |       0 |   53941 |   0.0 |       0 |     392 |   0.0 | 22759
               +---------+---------+-------+---------+---------+-------+---------
           D:1 |       0 |      19 |   0.0 |       0 |      11 |   0.0 |   373
           D:2 |       0 |      26 |   0.0 |       0 |       6 |   0.0 |   787
           D:3 |       0 |     110 |   0.0 |       0 |      24 |   0.0 |   717
           D:4 |       0 |     631 |   0.0 |       0 |      18 |   0.0 |  1155
           D:5 |       0 |      34 |   0.0 |       0 |       1 |   0.0 |   158
           D:6 |       0 |     621 |   0.0 |       0 |      16 |   0.0 |   682
           D:7 |       0 |     574 |   0.0 |       0 |      18 |   0.0 |   864
           D:8 |       0 |    1982 |   0.0 |       0 |      32 |   0.0 |  1431
           D:9 |       0 |    3047 |   0.0 |       0 |      33 |   0.0 |  1886
          D:10 |       0 |    3617 |   0.0 |       0 |      48 |   0.0 |  2599
          D:11 |       0 |    2838 |   0.0 |       0 |      17 |   0.0 |  1377
          D:12 |       0 |     883 |   0.0 |       0 |      16 |   0.0 |    53
        Lair:1 |       0 |    6005 |   0.0 |       0 |      23 |   0.0 |  1811
        Lair:2 |       0 |    7234 |   0.0 |       0 |      33 |   0.0 |  2213
        Lair:3 |       0 |    5418 |   0.0 |       0 |      25 |   0.0 |  1371
        Lair:4 |       0 |     836 |   0.0 |       0 |       4 |   0.0 |  1454
        Lair:5 |       0 |    5996 |   0.0 |       0 |      22 |   0.0 |  1484
        Lair:6 |       0 |   12273 |   0.0 |       0 |      38 |   0.0 |  2281
       Swamp:1 |       0 |    1797 |   0.0 |       0 |       7 |   0.0 |    61
               +---------+---------+-------+---------+---------+-------+---------
